 Dungeon Crawl Stone Soup version 0.30-a0-528-g8c47a4955b (webtiles) character file.

Game seed: 138977138640781466

205 bande the Covered (level 5, -2/33 HPs)
             Began as a Gargoyle Fighter on Dec 23, 2022.
             Slain by an iguana (9 damage)
             ... on level 4 of the Dungeon.
             The game lasted 00:04:21 (3331 turns).

bande the Covered (Gargoyle Fighter)                Turns: 3331, Time: 00:04:21

Health: -2/33      AC: 11    Str: 20    XL:     5   Next: 83%
Magic:  5/5        EV:  9    Int:  8    God:
Gold:   129        SH:  4    Dex: 11    Spells: 4/4 levels left

rFire   . . .      SeeInvis .    a - +0 war axe
rCold   . . .      Faith    .    c - +0 buckler
rNeg    + . .      Spirit   .    b - +0 scale mail
rPois   ∞          Reflect  .    (no helmet)
rElec   +          Harm     .    (no cloak)
rCorr   .          Rampage  .    (no gloves)
Will    .....                    (no boots) Stlth
                                 (no amulet)
HPRegen 0.25/turn                (no ring)
MPRegen 0.09/turn                (no ring)

@: weakened
A: sickness immunity, AC +4, negative energy resistance 1, electricity
resistance, torment resistance 1, petrification resistance
a: no special abilities


You were on level 4 of the Dungeon.
You visited 1 branch of the dungeon, and saw 4 of its levels.

You collected 129 gold pieces.

Inventory:

Hand Weapons
 a - a +0 war axe (weapon)
Armour
 b - a +0 scale mail (worn)
 c - a +0 buckler (worn)
 m - a +1 ring mail of fire resistance
Wands
 t - a wand of light (7)
Scrolls
 f - 3 scrolls of blinking {unknown}
 i - a scroll of brand weapon {unknown}
 j - a scroll of noise {unknown}
 k - 2 scrolls of enchant armour {unknown}
 n - 3 scrolls of identify {unknown}
 p - a scroll of fog {unknown}
 q - a scroll of enchant weapon {unknown}
Potions
 d - 2 potions of might
 e - a potion of curing {unknown}
 g - a potion of haste {unknown}
 h - 2 potions of ambrosia {unknown}
 l - a potion of heal wounds {unknown}
 o - 4 potions of lignification {unknown}
 r - a potion of cancellation {unknown}
 s - a potion of brilliance {unknown}


   Skills:
 + Level 4.1 Fighting
 + Level 3.6 Axes
 + Level 4.5 Armour
 - Level 0.1 Dodging
 - Level 0.4 Stealth
 + Level 3.7 Shields
 * Level 0.3 Evocations


You had 4 spell levels left.
You didn't know any spells.
Your spell library was empty.

Dungeon Overview and Level Annotations

Branches:
Dungeon (4/15)
 Temple: D:4-7

Altars:

Shops:
D:2 ((


Innate Abilities, Weirdness & Mutations

You are immune to sickness and miasma.
Your stone body is resilient. (AC +4)
You are immune to poison.
You resist negative energy. (rN+)
You are resistant to electric shocks. (rElec)
You are resistant to unholy torment.
You are immune to petrification.


Message History

You hit the iguana but do no damage. The iguana barely misses you.
The gnoll hits you but does no damage. x2
You closely miss the gnoll.
The gnoll is heavily wounded.
You hit the iguana but do no damage. You block the gnoll's attack.
The gnoll bouda gazes fiercely through you!
You feel as though you will be weak longer.
You block the gnoll's attack. The iguana bites you.
The gnoll hits you from afar with a +0 halberd!
The gnoll closely misses you. The gnoll barely misses you.
The iguana completely misses you.
You are too injured to fight recklessly!
You are too injured to fight recklessly!
You are too injured to fight recklessly!
Unknown command.
The iguana attacks as you move away! The iguana bites you!
* * * LOW HITPOINT WARNING * * *
The gnoll bouda gazes fiercely through you!
You feel as though you will be weak longer.
The iguana attacks as you move away! The iguana bites you.
* * * LOW HITPOINT WARNING * * *
The gnoll bouda calls upon its god to heal the gnoll.
The gnoll is healed somewhat.
The gnoll bouda barks out a call to the hunt!
The gnolls pick up the pace!
The iguana attacks as you move away! You block the iguana's attack.
The iguana attacks as you move away! The iguana bites you.
* * * LOW HITPOINT WARNING * * *
The iguana attacks as you move away! The iguana closely misses you.
The gnoll bouda gazes fiercely through you!
You feel as though you will be weak longer.
The iguana hisses menacingly.
The iguana attacks as you move away! The iguana completely misses you.
The iguana attacks as you move away!
The iguana bites you but does no damage.
The iguana attacks as you move away!
The iguana bites you but does no damage.
The iguana attacks as you move away! You block the iguana's attack.
The iguana attacks as you move away! The iguana bites you!
You die...

.#.......#
##.#....#
...#.##### ##...###
.....# ##.## ..####
#.# ..# #.# ..# #.#
..# ###.### ..#
#.)...# .##
#.#@#.## .#
#..l...# ##
#.#...## # #. #####
#.)g..# ###. ...#
####.## .... #.###
#g# ...
####...#####.# ##.g
#....g.g.g...#
.......##.g.#######


You could see a gnoll bouda, an iguana and a gnoll (swift).

Vanquished Creatures
  Natasha (thrice) (D:2)
  An iguana (D:4)
  4 adders
  An ufetubus (D:3)
  2 worms
  7 ball pythons
  3 bats
  5 endoplasms
  3 giant cockroaches
  7 goblins
  8 hobgoblins
  4 jackals (D:2)
  3 quokkas
  A frilled lizard (D:2)
  5 kobolds
  2 rats (D:2)
59 creatures vanquished.

Notes
Turn   | Place    | Note
-------+----------+-------------------------------------------
     0 | D:1      | bande the Gargoyle Fighter began the quest for the Orb.
     0 | D:1      | Reached XP level 1. HP: 14/14 MP: 1/1
   158 | D:1      | Reached XP level 2. HP: 13/19 MP: 2/2
  1102 | D:2      | Reached XP level 3. HP: 23/23 MP: 3/3
  1103 | D:2      | Noticed Natasha
  1118 | D:2      | Found Gunoipob's Weapon Shoppe.
  1132 | D:2      | Killed Natasha
  1405 | D:2      | Found Qaux's Weapon Boutique.
  1456 | D:2      | Reached XP level 4. HP: 28/29 MP: 4/4
  1621 | D:2      | Noticed Natasha
  1630 | D:2      | Killed Natasha
  2068 | D:2      | Noticed Natasha
  2077 | D:2      | Killed Natasha
  2078 | D:2      | Reached XP level 5. HP: 16/33 MP: 5/5
  3331 | D:4      | Slain by an iguana

Illustrated notes

Levels and vault maps discovered:
D:1:      enne_arrival_octagon_isle, layout_basic, minmay_statues_item
D:2:      layout_basic, serial_rivers, chequers_serial_rivers_room_b,
          chequers_serial_rivers_micro_e, chequers_serial_rivers_large_a,
          chequers_serial_rivers_micro_c, serial_shops, shop,
          nicolae_shop_bloodbath_and_beyond, uniq_natasha
D:3:      layout_basic, minmay_misc_feat_encased
D:4:      layout_loops_cross, st_stairs_7, minmay_misc_feat_ornament

Skill      XL: |  1  2  3  4  5 |
---------------+----------------+-----
Axes           | 2 3 |  3.6
Armour         | 4 |  4.5
Fighting       | 4 |  4.1
Dodging        | |  0.1
Stealth        | |  0.4
Shields        | |  3.7
Evocations     | |  0.3

Action                   |  1- 3 |  4- 6 || total
-------------------------+-------+-------++-------
Melee: War axe           |    78 |   109 ||   187
Armor: Scale mail        |    55 |    68 ||   123
Dodge: Dodged            |    34 |    63 ||    97
Block: Buckler           |    17 |    34 ||    51

Table legend: (Time is in decaauts)
 A = Elapsed time spent in this place.
 B = Non-inter-level travel time spent in this place.
 C = Inter-level travel time spent in this place.
 D = Time resting spent in this place.
 E = Time spent auto-exploring this place.
 F = Levels seen in this place.
 G = Mean time per level.
                   A        B        C        D        E       F      G
               +--------+--------+--------+--------+--------+-----+--------+
         Total |   3422 |   3414 |      8 |   1003 |   1839 |   4 |  855.5 |
       Dungeon |   3422 |   3414 |      8 |   1003 |   1839 |   4 |  855.5 |
               +--------+--------+--------+--------+--------+-----+--------+

Top non-repeatable levels by time:
     D:2: 1507 daAuts
     D:1: 890 daAuts
     D:3: 589 daAuts
     D:4: 435 daAuts
